 Dungeon Sprint DCSS version 0.17-a0-1582-ge6b0260 (webtiles) character file.

0 nuthulu the Shield-Bearer (level 2, 0/20 HPs)
             Began as a Gargoyle Fighter on July 27, 2015.
             Killed by nerve-wracking pain
             ... invoked by Jessica
              (2 damage)
             ... in the Dungeon (Sprint VI: "Thunderdome").
             The game lasted 00:00:32 (48 turns).

nuthulu the Shield-Bearer (Gargoyle Fighter)          Turns: 48, Time: 00:00:33

Health: 0/20       AC:  9    Str: 24    XL:     2   Next: 16%
Magic:  2/2        EV:  7    Int:  8    God:
Gold:   32         SH:  9    Dex:  9    Spells: 0 memorised, 1 level left

rFire  . . .     SeeInvis .     a - +0 flail
rCold  . . .     Clarity  .     b - +0 scale mail
rNeg   + . .     SustAt   .     c - +0 shield
rPois  ∞         Gourm    .     (no helmet)
rElec  +         Spirit   .     (no cloak)
rCorr  .         Warding  .     (no gloves)
rMut   .         NoTele   +     (no boots)
MR     .....                    (no amulet)
Stlth  ..........               (no ring)
                                (no ring)

@: mighty, not resistant to hostile enchantments, extremely unstealthy
A: negative energy resistance 1, electricity resistance, unbreathing,
petrification resistance, rot immunity, AC +2
a: no special abilities


You were in the Dungeon.
You were not hungry.

You visited 1 branch You collected 200 gold pieces.
You spent 168 gold pieces at shops.

Inventory:

Hand weapons
 a - a +0 flail (weapon)
Armour
 b - a +0 scale mail (worn)
 c - a +0 shield (worn)
Magical devices
 l - a wand of cold (5)
 m - a wand of fire (5)
Scrolls
 k - 4 scrolls of blinking
 n - 3 scrolls of fog
Potions
 d - 6 potions of might
 f - a potion of curing
 g - 3 potions of heal wounds
 h - 4 potions of haste
 i - 2 potions of magic
 j - a potion of berserk rage
 o - a potion of resistance
Comestibles
 e - a bread ration


   Skills:
 + Level 4.0 Fighting
 + Level 2.8 Maces & Flails
 + Level 4.0 Armour
 + Level 4.0 Shields


You had one spell level left.
You didn't know any spells.

Dungeon Overview and Level Annotations

Branches:
Dungeon (1/1)

Altars:
Cheibriados
Dithmenos
Fedhas
Gozag
Kikubaaqudgha
Makhleb
Okawaru
Qazlal
Ru
Sif Muna
Trog
Vehumet
Xom
Zin
The Shining One
Jiyva
Lugonu

Shops:
D *[%???:(!!!!

Annotations:
D Jessica, Sigmund


Innate Abilities, Weirdness & Mutations

You are resistant to torment.
Your stone body is resilient (AC +2).
You are immune to poison.
You resist negative energy.
You are resistant to electric shocks.
You can survive without breathing.
You are immune to petrification.
You are immune to rotting.


Message History

Sigmund is healed!
Jessica hits you but does no damage. You block the worm's attack.
You closely miss Sigmund. You block Jessica's attack.
You block Sigmund's attack. Jessica hits you with a club.
You sock Sigmund!
Sigmund is heavily wounded.
Jessica hits you but does no damage. Sigmund barely misses you.
The worm bites you but does no damage. Jessica hits you but does no damage.
Your shield and scale mail prevent you from hitting Sigmund.
Sigmund is heavily wounded.
Jessica gestures wildly while chanting.
Jessica blinks!
Sigmund hits you with a scythe. The worm bites you.
* * * LOW HITPOINT WARNING * * *
You hit Sigmund.
Sigmund is severely wounded.
Jessica gestures wildly while chanting.
Jessica blinks!
You block Sigmund's attack. You block the worm's attack.
Jessica gestures at you while chanting. Pain shoots through your body!
You die...

#_......._#
###.........###
#⌠...........⌠#
######.8.........8.#
##∩___......###......
###∩....§...8.# #.8....
##.............###......
#b.....@w...###...###...
#⌠....§@....# #.<.# #...
#⌠....@.....# #...###...
##.............###......
###∩........8.# #.8....
##∩___......# #......
######.8.........8.#
#⌠...........⌠#
###.........###
......._#


You could see Sigmund, a worm, Jessica and a bat.

Vanquished Creatures
  An adder (D)
1 creature vanquished.

Notes
Turn   | Place    | Note
--------------------------------------------------------------
     0 | D        | nuthulu the Gargoyle Fighter began the quest for the Orb.
     0 | D        | Reached XP level 1. HP: 14/14 MP: 1/1
     1 | D        | Found an ancient bone altar of Kikubaaqudgha.
     2 | D        | Found a glowing golden altar of the Shining One.
     2 | D        | Found a corrupted altar of Lugonu.
     3 | D        | Found an iron altar of Okawaru.
     3 | D        | Found a shimmering altar of Xom.
     4 | D        | Found Buawk's Do-It-Yourself Clinic.
     4 | D        | Found a blossoming altar of Fedhas.
     4 | D        | Found a snail-covered altar of Cheibriados.
     4 | D        | Found Ibbet's Distillery.
     5 | D        | Found Jiagodghe's Bottled Wisdom.
     5 | D        | Found Muur's Distillery.
     5 | D        | Round 1.
    10 | D        | Found a viscous altar of Jiyva.
    13 | D        | Bought 6 potions of might for 168 gold pieces
    18 | D        | Found a deep blue altar of Sif Muna.
    19 | D        | Found Sompucvi's Staff Store.
    20 | D        | Found Suin's Must-Have Magic.
    20 | D        | Found Esmuwagg's Magic Scroll Shop.
    21 | D        | Found a glowing silver altar of Zin.
    21 | D        | Found a sacrificial altar of Ru.
    21 | D        | Found Tudil's Magic Scroll Shop.
    25 | D        | Found a radiant altar of Vehumet.
    26 | D        | Found a stormy altar of Qazlal.
    27 | D        | Found a shadowy altar of Dithmenos.
    28 | D        | Found Xoreky's Bee Food.
    29 | D        | Found Keso's Jewellery.
    29 | D        | Found Liliawy's Advanced Armour.
    29 | D        | Noticed Sigmund
    30 | D        | Found an opulent altar of Gozag.
    30 | D        | Found a burning altar of Makhleb.
    30 | D        | Found a bloodstained altar of Trog.
    30 | D        | Found Fecukh's Identification Station.
    33 | D        | Noticed Jessica
    37 | D        | Reached skill level 4 in Fighting
    37 | D        | Reached XP level 2. HP: 8/20 MP: 2/2
    48 | D        | Killed from afar by Jessica

Vault maps used:
D:        arena_sprint

Action                   || total
-------------------------++-------
Melee: Flail             ||    13
  Use: Potion            ||     2
